 Dungeon Crawl Stone Soup version 0.30-a0-591-g3c58d2bc28 (webtiles) character file.

Game seed: 16711024751828380281

497 cforsyth the Digger (level 7, -3/36 HPs)
             Began as a Gargoyle Earth Elementalist on Jan 5, 2023.
             Was an Initiate of Vehumet.
             Slain by a two-headed ogre
             ... wielding a +0 giant club
              (9 damage)
             ... on level 5 of the Dungeon.
             The game lasted 00:07:17 (4407 turns).

cforsyth the Digger (Gargoyle Earth Elementalist)   Turns: 4407, Time: 00:07:18

Health: -3/36      AC: 10    Str: 11    XL:     7   Next: 16%
Magic:  8/14       EV: 12    Int: 18    God:    Vehumet [......]
Gold:   234        SH:  0    Dex: 10    Spells: 12/16 levels left

rFire   + . .      SeeInvis .    (no weapon)
rCold   . . .      Faith    .    (no shield)
rNeg    + . .      Spirit   .    a - +0 robe
rPois   ∞          Reflect  .    z - +0 helmet
rElec   +          Harm     .    (no cloak)
rCorr   +          Rampage  .    (no gloves)
Will    +....                    y - +2 pair of boots of Uskayaw's Envy {rF+ rCorr}
Stlth   ++                       k - amulet of magic regeneration
HPRegen 0.26/turn                f - ring of willpower
MPRegen 0.54/turn                c - +4 ring of slaying

@: no status effects
A: sickness immunity, AC +4, negative energy resistance 1, electricity
resistance, torment resistance 1, petrification resistance
a: Renounce Religion


You were on level 5 of the Dungeon.
You worshipped Vehumet.
Vehumet was noncommittal.
You visited 1 branch of the dungeon, and saw 5 of its levels.

You collected 234 gold pieces.

Inventory:

Armour
 a - a +0 robe (worn)
 y - the +2 pair of boots of Uskayaw's Envy (worn) {rF+ rCorr}
   (You found it on level 4 of the Dungeon)

   rF:        It protects you from fire.
   rCorr:     It protects you from acid and corrosion.
 z - a +0 helmet (worn)
Jewellery
 c - a +4 ring of slaying (right hand)
 f - a ring of willpower (left hand)
 j - a ring of protection from cold
 k - an amulet of magic regeneration (around neck)
Wands
 s - a wand of roots (10)
Scrolls
 d - a scroll of enchant weapon {unknown}
 e - 3 scrolls of teleportation
 g - 2 scrolls of silence {unknown}
 n - a scroll of enchant armour {unknown}
 o - a scroll of torment {unknown}
 q - a scroll of identify
 r - a scroll of vulnerability {unknown}
 t - a scroll of immolation {unknown}
 v - a scroll of amnesia {unknown}
 w - a scroll of noise {unknown}
Potions
 b - a potion of magic
 h - 2 potions of curing
 i - 2 potions of mutation {unknown}
 l - 2 potions of ambrosia
 m - a potion of might {unknown}
 p - a potion of lignification {unknown}
 u - a potion of cancellation {unknown}
 x - a potion of invisibility {unknown}


   Skills:
 + Level 0.2 Fighting
 + Level 0.2 Armour
 + Level 1.6 Dodging
 - Level 2.1 Stealth
 + Level 5.0 Spellcasting
 + Level 0.1 Conjurations
 - Level 0.7 Transmutations
 + Level 7.1 Earth Magic


You had 12 spell levels left.
You knew the following spells:

 Your Spells              Type           Power      Damage    Failure   Level
a - Sandblast             Erth           60%        2d14      1%          1
b - Stone Arrow           Conj/Erth      34%        3d9       9%          3

Your spell library contained the following spells:

 Spells                   Type           Power      Damage    Failure   Level
 Passwall                 Tmut/Erth      15%        N/A       4%          2
 Necrotise                Necr           16%        1d4       13%         1
 Summon Small Mammal      Summ           16%        N/A       13%         1
 Wereblood                Tmut           7%         N/A       16%         2
 Momentum Strike          Conj/Tloc      8%         3d8       19%         2
 Blink                    Tloc           8%         N/A       21%         2
 Petrify                  Tmut/Erth      18%        N/A       26%         4
 Call Canine Familiar     Summ           4%         N/A       36%         3
 Lesser Beckoning         Tloc           8%         N/A       36%         3
 Summon Guardian Golem    Hex/Summ       4%         N/A       36%         3
 Summon Hydra             Summ           2%         N/A       100%        7
 Sublimation of Blood     Necr           Unusable   N/A       N/A         2

Dungeon Overview and Level Annotations

Branches:
Dungeon (5/15)             Temple (0/1) D:4

Altars:
Ashenzari
Kikubaaqudgha
Sif Muna
Vehumet

Shops:
D:4 :


Innate Abilities, Weirdness & Mutations

You are immune to sickness and miasma.
Your stone body is resilient. (AC +4)
You are immune to poison.
You resist negative energy. (rN+)
You are resistant to electric shocks. (rElec)
You are resistant to unholy torment.
You are immune to petrification.


Message History

You can't see any susceptible monsters within range! (Use Z to cast anyway.)
An adder comes into view.
The blast of sand hits the adder.
The adder is moderately wounded.
The blast of sand misses the adder.
The adder bites you but does no damage.
The blast of sand misses the adder.
The adder closely misses you. The adder bites you. The adder misses you.
A two-headed ogre comes into view. It is wielding two +0 giant clubs.
The blast of sand hits the adder!!
You kill the adder!
Vehumet accepts your kill. The adder bites you but does no damage.
The adder bites you.
The blast of sand hits the adder.
The adder is moderately wounded.
The adder closely misses you. The adder barely misses you.
The blast of sand hits the adder!
You kill the adder!
Vehumet accepts your kill.
Casting: Sandblast (safe; 1% risk of failure)
Confirm with . or Enter, or press ? or * to list all spells.
Aiming: Stone Arrow (dangerous; 9% risk of failure)
Press: ? - help, Shift-Dir - straight line, f - two-headed ogre
Aim: a two-headed ogre, wielding two +0 giant clubs (85% to hit)
The stone arrow hits the two-headed ogre!
The two-headed ogre is moderately wounded.
The two-headed ogre hits you with a +0 giant club!!
Ouch! That really hurt!
* * * LOW HITPOINT WARNING * * *
The two-headed ogre misses you.
Casting: Stone Arrow (dangerous; 9% risk of failure)
Confirm with . or Enter, or press ? or * to list all spells.
Aiming: Stone Arrow (dangerous; 9% risk of failure)
Press: ? - help, Shift-Dir - straight line, f/p - two-headed ogre
Aim: a two-headed ogre, wielding two +0 giant clubs (moderately wounded, 85% to hit)
The stone arrow hits the two-headed ogre.
The two-headed ogre is moderately wounded.
The two-headed ogre hits you with a +0 giant club.
* * * LOW HITPOINT WARNING * * *
The two-headed ogre hits you with a +0 giant club!
You die...

#. . #.##
.. ##...
#.( ...#
..##..#
....#
#O.# #.@#
#.......#
#..##.#.#
#..# ..
#..# .#
#..# #
#..# ^...


You could see a two-headed ogre.

Vanquished Creatures
  2 necrophages (D:4)
  A howler monkey (D:4)
  A hound (D:4)
  A jelly (D:4)
  An orc wizard (D:2)
  Robin (D:3)
  3 gnolls (D:4)
  10 adders
  An ufetubus (D:5)
  A worm (D:4)
  2 dart slugs
  10 orcs
  11 ball pythons
  5 endoplasms
  2 giant cockroaches
  24 goblins
  7 hobgoblins
  7 jackals
  A quokka (D:1)
  2 bats
  6 frilled lizards
  4 kobolds
  4 rats
107 creatures vanquished.

Notes
Turn   | Place    | Note
-------+----------+-------------------------------------------
     0 | D:1      | cforsyth the Gargoyle Earth Elementalist began the quest
                  | for the Orb.
     0 | D:1      | Reached XP level 1. HP: 10/10 MP: 3/3
   134 | D:1      | Reached XP level 2. HP: 15/15 MP: 1/5
   149 | D:1      | Reached skill level 4 in Earth Magic
  1158 | D:1      | Reached XP level 3. HP: 19/19 MP: 3/6
  1982 | D:2      | Reached XP level 4. HP: 24/24 MP: 6/8
  2479 | D:2      | Reached skill level 5 in Earth Magic
  2683 | D:3      | Noticed Robin
  2686 | D:3      | Killed Robin
  2687 | D:3      | Reached XP level 5. HP: 28/28 MP: 8/10
  3097 | D:3      | Found a radiant altar of Vehumet.
  3106 | D:3      | Became a worshipper of Vehumet
  3144 | D:3      | Found an ancient bone altar of Kikubaaqudgha.
  3145 | D:3      | Found a shimmering blue altar of Sif Muna.
  3151 | D:3      | Got Kikubaaqudgha's Compendium of Sciomancy
  3330 | D:4      | Found Rocatsaq's Book Shop.
  3492 | D:4      | Reached skill level 6 in Earth Magic
  3656 | D:4      | Reached XP level 6. HP: 32/32 MP: 10/12
  3671 | D:4      | Found a broken altar of Ashenzari.
  3903 | D:4      | Found a staircase to the Ecumenical Temple.
  3968 | D:4      | Reached XP level 7. HP: 36/36 MP: 11/14
  3975 | D:4      | Reached skill level 7 in Earth Magic
  3998 | D:4      | Reached skill level 5 in Spellcasting
  4031 | D:4      | Learned a level 3 spell: Stone Arrow
  4263 | D:4      | Identified the +2 pair of boots of Uskayaw's Envy {rF+
                  | rCorr}
  4395 | D:5      | Entered Level 5 of the Dungeon
  4402 | D:5      | Noticed a two-headed ogre
  4407 | D:5      | Slain by a two-headed ogre

Illustrated notes

Levels and vault maps discovered:
D:1:      dpeg_arrival_round_a, layout_basic
D:2:      layout_loops_ring, minmay_misc_feat_columns
D:3:      minmay_diamond_boxcup, layout_loops_ring,
          grunt_temple_overflow_magic_moments, st_stairs_8, uniq_robin
D:4:      minmay_bubble_buster, layout_basic, nicolae_ashenzari_panopticon,
          temple_pool_b, serial_shops,
          nicolae_shop_temple_entry_statues_fountains
D:5:      corexii_shantytown, layout_basic, grunt_temple_overflow_opulence

Skill      XL: |  1  2  3  4  5  6  7 |
---------------+----------------------+-----
Earth Magic    | 4 5 6 7 |  7.1
Spellcasting   | 3 4 5 |  5.0
Fighting       | |  0.2
Armour         | |  0.2
Dodging        | |  1.6
Stealth        | |  2.1
Conjurations   | |  0.1
Transmutations | |  0.7

Action                   |  1- 3 |  4- 6 |  7- 9 || total
-------------------------+-------+-------+-------++-------
Melee: Unarmed           |    19 |       |       ||    19
 Cast: Sandblast         |    54 |    98 |    24 ||   176
       Stone Arrow       |       |       |     2 ||     2
  Use: Scroll            |     1 |     2 |       ||     3
Armor: Robe              |    17 |    15 |     8 ||    40
Dodge: Dodged            |    20 |    31 |     8 ||    59

Table legend: (Time is in decaauts)
 A = Elapsed time spent in this place.
 B = Non-inter-level travel time spent in this place.
 C = Inter-level travel time spent in this place.
 D = Time resting spent in this place.
 E = Time spent auto-exploring this place.
 F = Levels seen in this place.
 G = Mean time per level.
                   A        B        C        D        E       F      G
               +--------+--------+--------+--------+--------+-----+--------+
         Total |   4496 |   4263 |    233 |    262 |   3363 |   5 |  899.2 |
       Dungeon |   4496 |   4263 |    233 |    262 |   3363 |   5 |  899.2 |
               +--------+--------+--------+--------+--------+-----+--------+

Top non-repeatable levels by time:
     D:1: 1505 daAuts
     D:4: 1101 daAuts
     D:3: 986 daAuts
     D:2: 888 daAuts
     D:5: 15 daAuts
